| TOP OF THE 1ST |
|
Chicago (NYP) White Sox batting - Pitching for Vermont Lake Monsters : LHP Sean Zech
|
|
Pitching: LHP Sean Zech
|
|
|
Batting: RHB Russ Cornett
|
0-0: Called Strike 0-1: Ball 1-1: Ball 2-1: Foul Ball, location: 2F 2-2: Foul Ball, location: 2F 2-2: Ball 3-2: Foul Ball, location: 2F 3-2: Base on Balls
|
|
Batting: RHB Armando Vazquez
|
0-0: Ball 1-0: Ball 2-0: Ball 3-0: Called Strike 3-1: Base on Balls Russ Cornett to second
|
|
Batting: RHB Will Washburn
|
0-0: Fly out, F8 (Flyball, 8LD, EV 98.1 MPH) Runner from 2nd tags up, SAFE at 3rd with throw by CF
|
|
Batting: SHB Alfie Bungledorf
|
0-0: Called Strike Armando Vazquez steals 2nd, throwing error, E2 Russ Cornett scores Armando Vazquez to third 0-1: Fly out, F7 (Flyball, 7LM, EV 101.2 MPH) Runner from 3rd tags up, SCORES, throw by LF
|
|
Batting: LHB Joe Kirkland
|
0-0: Ball 1-0: Ball 2-0: Foul Ball, location: 2F 2-1: Ball 3-1: Base on Balls
|
|
Batting: RHB Adan Lake
|
0-0: Ball 1-0: Ground out 4-3 (Groundball, 34, EV 85.6 MPH)
|
| Top of the 1st over - 2 runs, 0 hits, 1 error, 1 left on base; Chicago (NYP) 2 - Vermont 0 |
| BOTTOM OF THE 1ST |
|
Vermont Lake Monsters batting - Pitching for Chicago (NYP) White Sox : RHP Joe Schuler
|
|
Pitching: RHP Joe Schuler
|
|
|
Batting: RHB Manny Moron
|
0-0: Ball 1-0: Swinging Strike 1-1: Foul Ball, location: 2F 1-2: Ball 2-2: Strikes out looking
|
|
Batting: RHB Jose Marquez
|
0-0: Ball 1-0: Ball 2-0: Ball 3-0: Base on Balls
|
|
Batting: RHB Josh Whaley
|
0-0: Called Strike 0-1: Ball 1-1: Fly out, F9 (Flyball, 9S, EV 82.5 MPH)
|
|
Batting: RHB Casey Nicita
|
0-0: Called Strike Jose Marquez is caught stealing 2nd base 2-4
|
| Bottom of the 1st over - 0 runs, 0 hits, 0 errors, 0 left on base; Chicago (NYP) 2 - Vermont 0 |
| TOP OF THE 2ND |
|
Chicago (NYP) White Sox batting - Pitching for Vermont Lake Monsters : LHP Sean Zech
|
|
Batting: LHB Adam Tarbutton
|
0-0: Ball 1-0: Called Strike 1-1: Called Strike 1-2: Ball 2-2: Strikes out swinging
|
|
Batting: RHB Alex Belton
|
0-0: Called Strike 0-1: Ball 1-1: Foul Ball, location: 2F 1-2: Ground out 4-3 (Groundball, 4, EV 100.6 MPH)
|
|
Batting: RHB Ioan Biros
|
0-0: Ball 1-0: Foul Ball, location: 2F 1-1: Foul Ball, location: 2F 1-2: Strikes out looking
|
| Top of the 2nd over - 0 runs, 0 hits, 0 errors, 0 left on base; Chicago (NYP) 2 - Vermont 0 |
| BOTTOM OF THE 2ND |
|
Vermont Lake Monsters batting - Pitching for Chicago (NYP) White Sox : RHP Joe Schuler
|
|
Batting: RHB Casey Nicita
|
0-0: Swinging Strike 0-1: Called Strike 0-2: Ball 1-2: Foul Ball, location: 2F 1-2: Ball 2-2: Strikes out looking
|
|
Batting: RHB Edgar Landim
|
0-0: Called Strike 0-1: Called Strike 0-2: Strikes out swinging
|
|
Batting: LHB Cy Ostrowski
|
0-0: SINGLE (Groundball, 4D, EV 95.0 MPH)
|
|
Batting: SHB Mike Jorgenson
|
0-0: Foul Ball, location: 2F 0-1: Foul Ball, location: 2F 0-2: Strikes out swinging
|
| Bottom of the 2nd over - 0 runs, 1 hit, 0 errors, 1 left on base; Chicago (NYP) 2 - Vermont 0 |
| TOP OF THE 3RD |
|
Chicago (NYP) White Sox batting - Pitching for Vermont Lake Monsters : LHP Sean Zech
|
|
Batting: RHB Russ Cornett
|
0-0: Called Strike 0-1: Ball 1-1: Ball 2-1: Ball 3-1: Ground out 5-3 (Groundball, 5L, EV 100.0 MPH)
|
|
Batting: RHB Armando Vazquez
|
0-0: Called Strike 0-1: Ball 1-1: SINGLE (Line Drive, 4MD, EV 99.4 MPH)
|
|
Batting: RHB Will Washburn
|
0-0: Called Strike Armando Vazquez is caught stealing 2nd base 2-4 0-1: Hit by Pitch
|
|
Batting: SHB Alfie Bungledorf
|
0-0: Called Strike 0-1: Called Strike 0-2: Strikes out swinging
|
| Top of the 3rd over - 0 runs, 1 hit, 0 errors, 1 left on base; Chicago (NYP) 2 - Vermont 0 |
| BOTTOM OF THE 3RD |
|
Vermont Lake Monsters batting - Pitching for Chicago (NYP) White Sox : RHP Joe Schuler
|
|
Batting: LHB Miguel Torres
|
0-0: Swinging Strike 0-1: Ball 1-1: Ball 2-1: Foul Ball, location: 2F 2-2: Strikes out swinging
|
|
Batting: RHB Brian Rathbun
|
0-0: Ball 1-0: Ball 2-0: Foul Ball, location: 2F 2-1: Fly out, F8 (Flyball, 8RM, EV 77.5 MPH)
|
|
Batting: RHB Manny Moron
|
0-0: Fly out, F8 (Flyball, 89M, EV 86.9 MPH)
|
| Bottom of the 3rd over - 0 runs, 0 hits, 0 errors, 0 left on base; Chicago (NYP) 2 - Vermont 0 |
| TOP OF THE 4TH |
|
Chicago (NYP) White Sox batting - Pitching for Vermont Lake Monsters : LHP Sean Zech
|
|
Batting: LHB Joe Kirkland
|
0-0: Foul Ball, location: 2F 0-1: Foul Ball, location: 2F 0-2: Foul Ball, location: 2F 0-2: Ball 1-2: Ball 2-2: Ball 3-2: Strikes out looking
|
|
Batting: RHB Adan Lake
|
0-0: Fly out, F8 (Flyball, 8RD, EV 103.1 MPH)
|
|
Batting: LHB Adam Tarbutton
|
0-0: Ball 1-0: Called Strike 1-1: Foul Ball, location: 2F 1-2: Strikes out swinging
|
| Top of the 4th over - 0 runs, 0 hits, 0 errors, 0 left on base; Chicago (NYP) 2 - Vermont 0 |
| BOTTOM OF THE 4TH |
|
Vermont Lake Monsters batting - Pitching for Chicago (NYP) White Sox : RHP Joe Schuler
|
|
Batting: RHB Jose Marquez
|
0-0: Called Strike 0-1: Called Strike 0-2: Ground out 1-3 (Groundball, P, EV 67.5 MPH)
|
|
Batting: RHB Josh Whaley
|
0-0: Ball 1-0: Foul Ball, location: 2F 1-1: Ball 2-1: Foul Ball, location: 2F 2-2: Reached on error, E5 (Groundball, 56, EV 105.6 MPH)
|
|
Batting: RHB Casey Nicita
|
0-0: Foul Ball, location: 2F 0-1: Swinging Strike 0-2: Ball 1-2: Fly out, F5 (Popup, 5SF, EV 78.1 MPH)
|
|
Batting: RHB Edgar Landim
|
0-0: Ball 1-0: Swinging Strike 1-1: Called Strike 1-2: Strikes out looking
|
| Bottom of the 4th over - 0 runs, 0 hits, 1 error, 1 left on base; Chicago (NYP) 2 - Vermont 0 |
| TOP OF THE 5TH |
|
Chicago (NYP) White Sox batting - Pitching for Vermont Lake Monsters : LHP Sean Zech
|
|
Batting: RHB Alex Belton
|
0-0: Ball 1-0: Ball 2-0: Foul Ball, location: 2F 2-1: Ground out 4-3 (Groundball, 4, EV 93.1 MPH)
|
|
Batting: RHB Ioan Biros
|
0-0: Ball 1-0: Ball 2-0: Ball 3-0: Base on Balls
|
|
Batting: RHB Russ Cornett
|
0-0: Ball 1-0: Called Strike 1-1: Ball 2-1: Foul Ball, location: 2F 2-2: Foul Ball, location: 2F 2-2: 2-RUN HOME RUN (Flyball, 78XD, EV 108.8 MPH), Distance : 409 ft
|
|
Batting: RHB Armando Vazquez
|
0-0: Ball 1-0: Swinging Strike 1-1: Ball 2-1: Called Strike 2-2: Foul Ball, location: 2F 2-2: Ball 3-2: Base on Balls
|
|
Batting: RHB Will Washburn
|
0-0: Ball 1-0: Ball Wild Pitch! Armando Vazquez to second 2-0: Ball 3-0: Called Strike 3-1: Foul Ball, location: 2F 3-2: Foul Ball, location: 2F 3-2: Foul Ball, location: 2F 3-2: Strikes out swinging
|
|
Batting: SHB Alfie Bungledorf
|
0-0: Ball 1-0: Foul Ball, location: 2F 1-1: Foul Ball, location: 2F 1-2: Ball 2-2: Foul Ball, location: 2F 2-2: Ball 3-2: Ground out 4-3 (Groundball, 4, EV 90.0 MPH)
|
| Top of the 5th over - 2 runs, 1 hit, 0 errors, 1 left on base; Chicago (NYP) 4 - Vermont 0 |
| BOTTOM OF THE 5TH |
|
Vermont Lake Monsters batting - Pitching for Chicago (NYP) White Sox : RHP Joe Schuler
|
|
Batting: LHB Cy Ostrowski
|
0-0: Ball 1-0: Ball 2-0: Ball 3-0: Base on Balls
|
|
Batting: SHB Mike Jorgenson
|
0-0: Foul Ball, location: 2F 0-1: Ball 1-1: Foul Ball, location: 2F 1-2: DOUBLE (Line Drive, 8RXD, EV 105.6 MPH) Cy Ostrowski to third
|
|
Batting: LHB Miguel Torres
|
0-0: Ball 1-0: Ball 2-0: Foul Ball, location: 2F 2-1: Foul Ball, location: 2F 2-2: Ground out 2-3 (Groundball, 15S, EV 74.4 MPH)
|
|
Batting: RHB Brian Rathbun
|
0-0: Called Strike 0-1: Swinging Strike Balk! Cy Ostrowski scores Mike Jorgenson to third 0-2: Ball 1-2: Ball 2-2: Strikes out swinging
|
|
Batting: RHB Manny Moron
|
0-0: Ball 1-0: Ground out 6-3 (Groundball, 56, EV 108.8 MPH)
|
| Bottom of the 5th over - 1 run, 1 hit, 0 errors, 1 left on base; Chicago (NYP) 4 - Vermont 1 |
| TOP OF THE 6TH |
|
Chicago (NYP) White Sox batting - Pitching for Vermont Lake Monsters : LHP Sean Zech
|
|
Batting: LHB Joe Kirkland
|
0-0: Called Strike 0-1: Ball 1-1: Hit by Pitch
|
|
Pinch Runner at 1st James Groshong:
|
|
|
Batting: RHB Adan Lake
|
0-0: Ball 1-0: Fly out, F8 (Line Drive, 8RS, EV 87.5 MPH)
|
|
Pitching: RHP Nick Cunningham
|
|
|
Batting: LHB Adam Tarbutton
|
0-0: Ball 1-0: Ball 2-0: Ball 3-0: Called Strike 3-1: Base on Balls James Groshong to second
|
|
Batting: RHB Alex Belton
|
0-0: Ball 1-0: Fielders Choice at 2nd, 6-4 (Groundball, 6, EV 85.6 MPH) James Groshong to third
|
|
Batting: RHB Ioan Biros
|
0-0: Ball 1-0: Ball 2-0: Fly out, F8 (Line Drive, 89M, EV 102.5 MPH)
|
| Top of the 6th over - 0 runs, 0 hits, 0 errors, 2 left on base; Chicago (NYP) 4 - Vermont 1 |
| BOTTOM OF THE 6TH |
|
Vermont Lake Monsters batting - Pitching for Chicago (NYP) White Sox : RHP Joe Schuler
|
|
Now in RF: David Clark
|
|
|
Batting: RHB Jose Marquez
|
0-0: Swinging Strike 0-1: Ground out 2-3 (Groundball, 2R, EV 71.9 MPH)
|
|
Batting: RHB Josh Whaley
|
0-0: Ball 1-0: Called Strike 1-1: Fly out, F7 (Line Drive, 7S, EV 101.2 MPH)
|
|
Batting: RHB Casey Nicita
|
0-0: SOLO HOME RUN (Flyball, 8LXD, EV 92.5 MPH) (Inside the Park)
|
|
Batting: RHB Edgar Landim
|
0-0: Called Strike 0-1: Swinging Strike 0-2: Strikes out looking
|
| Bottom of the 6th over - 1 run, 1 hit, 0 errors, 0 left on base; Chicago (NYP) 4 - Vermont 2 |
| TOP OF THE 7TH |
|
Chicago (NYP) White Sox batting - Pitching for Vermont Lake Monsters : RHP Nick Cunningham
|
|
Batting: RHB Russ Cornett
|
0-0: Called Strike 0-1: Ball 1-1: Ball 2-1: Ground out 6-3 (Groundball, 6S, EV 84.4 MPH)
|
|
Batting: RHB Armando Vazquez
|
0-0: SINGLE (Groundball, 34D, EV 102.5 MPH)
|
|
Batting: RHB Will Washburn
|
0-0: Called Strike Armando Vazquez steals 2nd base 0-1: Ball 1-1: Ball 2-1: Foul Ball, location: 2F 2-2: Ball 3-2: Foul Ball, location: 2F 3-2: Foul Ball, location: 2F 3-2: Strikes out looking
|
|
Batting: SHB Alfie Bungledorf
|
0-0: Foul Ball, location: 2F 0-1: Called Strike 0-2: Ball 1-2: Foul Ball, location: 2F 1-2: Strikes out swinging
|
| Top of the 7th over - 0 runs, 1 hit, 0 errors, 1 left on base; Chicago (NYP) 4 - Vermont 2 |
| BOTTOM OF THE 7TH |
|
Vermont Lake Monsters batting - Pitching for Chicago (NYP) White Sox : RHP Joe Schuler
|
|
Batting: LHB Cy Ostrowski
|
0-0: Called Strike 0-1: Ball 1-1: Ball 2-1: Called Strike 2-2: Foul Ball, location: 2F 2-2: Foul Ball, location: 2F 2-2: Foul Ball, location: 2F 2-2: Ball 3-2: Foul Ball, location: 2F 3-2: Ground out 5-3 (Groundball, 56, EV 85.6 MPH)
|
|
Pitching: LHP Rodolfo Valencia
|
|
|
Batting: SHB Mike Jorgenson
|
0-0: Foul Ball, location: 2F 0-1: Ball 1-1: Fly out, F7 (Flyball, 7LM, EV 91.2 MPH)
|
|
Batting: LHB Miguel Torres
|
0-0: SINGLE (Groundball, 6MS, EV 83.8 MPH) (infield hit)
|
|
Batting: RHB Brian Rathbun
|
0-0: Ball 1-0: Ball 2-0: Ball 3-0: Base on Balls Miguel Torres to second
|
|
Batting: RHB Manny Moron
|
0-0: Called Strike 0-1: Ball 1-1: Swinging Strike 1-2: Strikes out swinging
|
| Bottom of the 7th over - 0 runs, 1 hit, 0 errors, 2 left on base; Chicago (NYP) 4 - Vermont 2 |
| TOP OF THE 8TH |
|
Chicago (NYP) White Sox batting - Pitching for Vermont Lake Monsters : RHP Nick Cunningham
|
|
Pitching: LHP Craig Poor
|
|
|
Batting: RHB David Clark
|
0-0: Ball 1-0: Ground out 4-3 (Groundball, 4M, EV 101.9 MPH)
|
|
Batting: RHB Adan Lake
|
0-0: Ball 1-0: Ball 2-0: Ball 3-0: Called Strike 3-1: Base on Balls
|
|
Batting: LHB Adam Tarbutton
|
0-0: Called Strike 0-1: Swinging Strike 0-2: Strikes out looking
|
|
Batting: RHB Alex Belton
|
0-0: Ball 1-0: Fly out, F8 (Flyball, 78S, EV 92.5 MPH)
|
| Top of the 8th over - 0 runs, 0 hits, 0 errors, 1 left on base; Chicago (NYP) 4 - Vermont 2 |
| BOTTOM OF THE 8TH |
|
Vermont Lake Monsters batting - Pitching for Chicago (NYP) White Sox : LHP Rodolfo Valencia
|
|
Batting: RHB Jose Marquez
|
0-0: Ball 1-0: Called Strike 1-1: Ball 2-1: Ball 3-1: Ground out 5-3 (Groundball, 5, EV 102.5 MPH)
|
|
Batting: RHB Josh Whaley
|
0-0: Ball 1-0: Foul Ball, location: 2F 1-1: Ground out 6-3 (Groundball, 6D, EV 91.2 MPH)
|
|
Batting: RHB Casey Nicita
|
0-0: Ball 1-0: Ball 2-0: Ball 3-0: Base on Balls
|
|
Batting: RHB Edgar Landim
|
0-0: Ball 1-0: Ball Wild Pitch! Casey Nicita to second 2-0: Called Strike 2-1: Ball 3-1: Fly out, F7 (Flyball, 7LS, EV 90.6 MPH)
|
| Bottom of the 8th over - 0 runs, 0 hits, 0 errors, 1 left on base; Chicago (NYP) 4 - Vermont 2 |
| TOP OF THE 9TH |
|
Chicago (NYP) White Sox batting - Pitching for Vermont Lake Monsters : LHP Craig Poor
|
|
Batting: RHB Ioan Biros
|
0-0: Ball 1-0: Ground out 4-3 (Groundball, 4, EV 113.1 MPH)
|
|
Batting: RHB Russ Cornett
|
0-0: Ball 1-0: Called Strike 1-1: Ball 2-1: Ball 3-1: Called Strike 3-2: Ground out 6-3 (Groundball, 6MS, EV 64.4 MPH)
|
|
Batting: RHB Armando Vazquez
|
0-0: Swinging Strike 0-1: Swinging Strike 0-2: Foul Ball, location: 2F 0-2: Ball 1-2: Ground out 4-3 (Groundball, 4, EV 100.6 MPH)
|
| Top of the 9th over - 0 runs, 0 hits, 0 errors, 0 left on base; Chicago (NYP) 4 - Vermont 2 |
| BOTTOM OF THE 9TH |
|
Vermont Lake Monsters batting - Pitching for Chicago (NYP) White Sox : LHP Rodolfo Valencia
|
|
Pitching: RHP Toyotoshi Matsui
|
|
|
Now at 3B: Tim Connell
|
|
|
Batting: LHB Cy Ostrowski
|
0-0: Called Strike 0-1: Ball 1-1: Swinging Strike 1-2: Ground out 5-3 (Groundball, 5, EV 77.5 MPH)
|
|
Batting: SHB Mike Jorgenson
|
0-0: Called Strike 0-1: Foul Ball, location: 2F 0-2: Ball 1-2: Foul Ball, location: 2F 1-2: Ball 2-2: Ball 3-2: Fly out, F8 (Flyball, 89M, EV 87.5 MPH)
|
|
Batting: LHB Miguel Torres
|
0-0: Ball 1-0: Swinging Strike 1-1: Called Strike 1-2: Ground out 6-3 (Groundball, 6, EV 85.6 MPH)
|
| Bottom of the 9th over - 0 runs, 0 hits, 0 errors, 0 left on base; Chicago (NYP) 4 - Vermont 2 |
|